Map: Shadowed Jungle

Players

Trout

  • Race: Terran Terran
  • League: Platinum
  • Spawn Location: 1:00

Tryphe

  • Race: Zerg Zerg
  • Spawn Location: 11:00

Magneto

  • Race: Terran Terran
  • Spawn Location: 5:00

Metasapien

  • Race: Zerg Zerg
  • League: Platinum
  • Spawn Location: 7:00

VOD

Have the link to the VOD?

Description

Time

  • Played on: Sept. 18, 2017, 1:08 a.m.
  • Length: 21:50
Show
View Real Time Build Order
Export as new Build Order

Trout Terran 

Build Orders:  

Get SALT Encoding   

  12  0:07  SCV  
  13  0:19  SCV  
  14  0:25  Supply Depot  
  14  0:33  SCV  
  15  0:39  Supply Depot  
  15  0:51  Barracks  
  15  0:55  SCV  
  16  1:02  Refinery  
  16  1:07  SCV  
  17  1:15  Refinery  
  17  1:19  SCV  
  18  1:31  SCV  
  19  1:41  Marine  
  19  1:44  Orbital Command  
  20  1:58  Factory  
  20  2:07  Barracks Reactor  
  20  2:11  SCV  
  21  2:23  SCV  
  22  2:35  SCV  
  22  2:36  Command Center  
  23  2:53  Supply Depot  
  23  3:02  Barracks Tech Lab  
  23  3:04  Cyclone x2  
  29  3:10  SCV  
  30  3:16  Supply Depot  
  30  3:22  SCV  
  31  3:34  SCV  
  31  3:36  Cyclone x2  
  38  3:55  SCV  
  39  4:00  Engineering Bay  
  39  4:08  SCV, Cyclone  
  43  4:12  Cyclone  
  43  4:21  Refinery  
  37  4:27  Marauder  
  37  4:30  Concussive Shells  
  39  4:34  Terran Infantry Weapons Level 1  
  39  4:38  Refinery  
  39  4:43  Orbital Command  
  39  4:50  SCV  
  39  4:52  Marauder  
  31  5:18  Cyclone x2  
  31  5:19  Marauder  
  39  5:28  SCV x2  
  41  5:40  Marauder, SCV  
  44  5:47  SCV  
  45  5:50  Cyclone  
  45  5:52  SCV  
  45  5:55  Cyclone  
  52  5:59  SCV  
  53  6:05  SCV  
  53  6:09  Marauder  
  56  6:20  SCV x2, Supply Depot  
  56  6:22  Cyclone  
  61  6:32  SCV  
  62  6:42  Marauder, SCV, Cyclone  
  62  6:46  Factory  
  68  6:51  Starport  
  68  6:53  Terran Infantry Armor Level 1  
  68  7:06  Combat Shields  
  68  7:13  Armory, SCV x2  
  70  7:25  Supply Depot  
  70  7:26  Supply Depot  
  70  7:31  Starport Tech Lab  
  70  7:34  Factory Tech Lab  
  70  7:46  SCV x2, Cyclone x2  
  78  7:58  Supply Depot  
  78  8:06  Missile Turret  
  78  8:07  Missile Turret  
  78  8:08  Viking  
  78  8:12  Cyclone  
  83  8:15  Marine  
  83  8:19  SCV  
  85  8:22  SCV, Supply Depot  
  86  8:29  Missile Turret  
  86  8:31  Terran Vehicle And Ship Armor Level 1  
  86  8:33  Marauder  
  88  8:47  Terran Infantry Weapons Level 2  
  87  8:54  Cyclone x2  
  92  8:58  Marauder  
  92  8:59  SCV  
  92  9:00  SCV  
  96  9:21  Cyclone  
  96  9:23  Marauder  
  101  9:31  Command Center  
  101  9:33  Supply Depot  
  101  9:34  Supply Depot  
  101  9:38  Supply Depot  
  101  9:44  Marauder  
  80  9:55  Cyclone  
  80  9:56  Cyclone x2  
  89  10:06  Marauder  
  91  10:08  SCV x2  
  93  10:25  Terran Vehicle Weapons Level 1  
  93  10:27  Marauder  
  88  10:36  Cyclone  
  88  10:37  Cyclone x2  
  97  10:49  Marauder  
  99  10:53  Orbital Command  
  99  11:01  Refinery  
  99  11:03  Terran Infantry Armor Level 2  
  99  11:08  Armory  
  99  11:10  Marauder  
  104  11:12  Factory  
  104  11:17  Supply Depot  
  101  11:18  Factory, Supply Depot  
  101  11:24  Factory Tech Lab  
  101  11:25  Barracks  
  101  11:31  Marauder  
  101  11:32  SCV  
  105  11:40  SCV x2  
  105  11:44  SCV  
  107  11:52  SCV x2  
  107  11:53  Marauder  
  111  11:56  SCV  
  111  11:57  Thor  
  118  12:04  Thor, SCV x2  
  118  12:05  Missile Turret, Factory Tech Lab x2  
  118  12:06  Missile Turret  
  118  12:07  Missile Turret  
  118  12:08  Missile Turret x2, SCV  
  127  12:13  Refinery  
  127  12:16  SCV x2  
  127  12:17  Terran Vehicle And Ship Armor Level 2  
  127  12:20  SCV  
  127  12:22  Terran Vehicle Weapons Level 2  
  130  12:26  Thor  
  130  12:28  SCV x2  
  138  12:31  Marine  
  139  12:39  Thor  
  145  12:45  Thor  
  145  12:49  Marine  
  152  13:03  Thor  
  158  13:06  Marine  
  158  13:08  Command Center  
  158  13:12  Thor  
  165  13:24  Marine  
  166  13:31  Supply Depot  
  166  13:36  Supply Depot  
  166  13:39  Missile Turret  
  166  13:40  Supply Depot  
  166  13:42  Marine  
  167  13:52  Thor  
  173  14:05  Refinery  
  173  14:06  Missile Turret  
  173  14:07  Missile Turret  
  173  14:08  Missile Turret  
  173  14:09  Building Armor  
  173  14:11  Missile Turret  
  173  14:12  Missile Turret  
  173  14:14  Refinery  
  173  14:18  Thor  
  173  14:19  Thor  
  185  14:27  Missile Turret  
  185  14:28  Orbital Command  
  144  15:31  SCV  
  144  15:32  SCV x3  
  139  15:38  Thor x2  
  139  15:39  Thor x2  
  163  15:43  SCV  
  163  15:44  SCV x3  
  163  15:49  Hi-Sec Auto Tracking  
  160  15:55  SCV  
  160  15:56  SCV x3  
  133  16:07  SCV  
  133  16:08  SCV x3  
  137  16:18  Refinery  
  137  16:20  SCV x2  
  137  16:21  Thor  
  145  16:25  Thor  
  145  16:26  Thor  
  145  16:27  Thor  
  163  16:51  Marine  
  164  16:56  Terran Vehicle Weapons Level 3  
  164  17:00  Command Center  
  164  17:02  SCV  
  164  17:04  Refinery  
  164  17:05  Refinery  
  165  17:08  Marine  
  165  17:14  SCV  
  167  17:26  Terran Vehicle And Ship Armor Level 3, Marine  
  167  17:27  Command Center  
  168  17:30  Thor  
  174  17:44  Refinery, Marine  
  174  17:47  Refinery  
  175  17:56  Thor x2  
  187  18:02  Marine  
  188  18:18  Missile Turret  
  188  18:19  Missile Turret  
  188  18:20  Missile Turret, Marine  
  188  18:21  Thor  
  188  18:22  Missile Turret  
  177  18:37  Marine  
  177  18:38  Thor  
  177  18:39  Thor  
  145  18:44  Missile Turret  
  145  18:48  Missile Turret, Thor  
  127  18:49  Missile Turret  
  127  18:52  Missile Turret  
  133  18:55  Marine  
  108  19:04  Thor  
  108  19:06  Orbital Command  
  114  19:25  Thor  
  114  19:26  Thor  
  114  19:28  Marine  
  119  19:44  Barracks  
  119  19:45  Barracks  
  119  19:46  Barracks, Marine  
  119  19:48  Thor  
  119  19:49  Thor  
  130  20:04  Marine  
  131  20:07  Refinery  
  131  20:08  Thor  
  120  20:35  Thor x2  
  96  20:40  Barracks Reactor  
  96  20:41  Barracks Reactor  
  101  20:43  Barracks Tech Lab  
  101  20:45  Marine  
  102  21:03  Marine  
  103  21:06  Refinery  
  106  21:20  Marine  
  106  21:24  Marauder  
  109  21:26  Marine  
  109  21:27  Marine x3  
Show
View Real Time Build Order
Export as new Build Order

Tryphe Zerg 

Build Orders: Hatch First, Lurkers 

Get SALT Encoding   

  12  0:01  Drone  
  13  0:15  Overlord  
  13  0:21  Drone  
  14  0:35  Drone x2  
  16  0:43  Drone  
  17  0:50  Drone  
  18  1:01  Hatchery  
  17  1:07  Extractor  
  16  1:14  Spawning Pool  
  16  1:16  Drone  
  16  1:20  Drone  
  16  1:25  Drone  
  18  1:38  Drone  
  19  1:42  Drone  
  20  1:55  Overlord  
  20  2:11  Queen  
  20  2:13  Queen  
  20  2:15  Drone  
  25  2:16  Metabolic Boost  
  25  2:27  Overlord  
  25  2:28  Zergling x4  
  25  2:29  Zergling x2  
  28  2:37  Drone  
  28  2:40  Drone  
  30  2:49  Drone  
  30  2:50  Queen  
  33  2:56  Overlord  
  33  3:00  Lair  
  33  3:08  Drone x2  
  33  3:11  Zergling x4  
  37  3:24  Drone x5  
  42  3:32  Zergling x2  
  42  3:33  Zergling x2  
  43  3:55  Zergling x8  
  46  4:09  Drone  
  46  4:10  Baneling Nest  
  45  4:20  Hydralisk Den  
  44  4:27  Overlord  
  44  4:28  Drone x4  
  44  4:31  Extractor  
  47  4:36  Evolution Chamber  
  45  4:43  Zergling x2, Evolution Chamber  
  45  4:44  Zergling x2  
  43  4:52  Zergling x2  
  44  4:53  Zergling x12  
  44  4:56  Spine Crawler  
  44  4:57  Spine Crawler  
  46  5:00  Spine Crawler  
  46  5:01  Spine Crawler  
  43  5:07  Zergling x4  
  44  5:15  Drone x3  
  44  5:18  Drone  
  44  5:19  Queen  
  50  5:21  Zerg Ground Armor Level 1  
  50  5:22  Hatchery  
  49  5:33  Muscular Augments  
  49  5:37  Drone x2  
  51  5:44  Baneling x2  
  51  5:45  Baneling  
  51  5:47  Baneling  
  51  6:03  Overlord, Drone  
  52  6:05  Extractor  
  52  6:06  Drone  
  52  6:07  Extractor  
  51  6:15  Spore Crawler  
  51  6:16  Drone x3, Spine Crawler  
  51  6:18  Overlord x3  
  52  6:22  Overlord, Zergling x2  
  53  6:37  Zergling x10  
  49  6:47  Zergling x2  
  49  6:48  Zergling x8  
  49  6:52  Drone x2  
  53  7:03  Lurker Den  
  53  7:04  Hydralisk x2  
  54  7:11  Drone  
  54  7:12  Drone  
  56  7:19  Baneling x2  
  56  7:27  Baneling  
  54  7:40  Zerg Missile Weapons Level 1  
  54  7:51  Drone x4  
  56  7:52  Drone x2  
  56  7:53  Drone x3  
  56  7:54  Drone x3  
  56  7:57  Centrifical Hooks  
  66  7:58  Hydralisk x2  
  66  7:59  Hydralisk  
  72  8:13  Drone  
  72  8:15  Spore Crawler  
  72  8:24  Drone x3  
  75  8:27  Extractor  
  75  8:28  Extractor  
  75  8:31  Spore Crawler  
  72  8:34  Evolution Chamber  
  71  8:41  Hydralisk x2  
  71  8:42  Hydralisk x7  
  89  8:52  Hydralisk  
  89  8:53  Hydralisk  
  93  9:03  Hydralisk  
  93  9:06  Overlord x3  
  95  9:11  Overlord x2  
  95  9:22  Overlord, Infestation Pit  
  95  9:23  Overlord  
  94  9:31  Drone x4  
  94  9:32  Drone x2  
  94  9:37  Burrow  
  100  9:42  Overseer  
  85  10:01  Zergling x2  
  85  10:02  Zergling x24  
  84  10:23  Hydralisk  
  86  10:30  Hydralisk  
  86  10:31  Hydralisk x8  
  104  10:44  Drone x4  
  104  10:45  Drone  
  109  10:57  Hatchery  
  108  11:07  Hydralisk  
  108  11:08  Hydralisk  
  108  11:10  Drone x2  
  108  11:11  Drone  
  115  11:12  Hatchery  
  115  11:13  Spore Crawler  
  113  11:22  Zerg Ground Armor Level 2  
  113  11:24  Pathogen Glands  
  113  11:26  Overlord  
  113  11:32  Lurker x4  
  116  11:38  Baneling x2  
  116  11:39  Baneling  
  117  11:40  Baneling x6  
  117  11:41  Baneling x3  
  117  11:56  Roach Warren  
  116  12:06  Extractor  
  115  12:15  Extractor  
  114  12:16  Drone x3  
  114  12:17  Drone x8  
  125  12:28  Drone x2  
  125  12:29  Drone  
  128  12:38  Glial Reconstitution  
  128  12:39  Roach x4  
  128  12:40  Roach x8  
  128  12:44  Overlord  
  150  13:03  Roach x6  
  150  13:04  Roach x4  
  165  13:17  Overlord  
  165  13:18  Overlord x3  
  165  13:29  Overlord x2  
  165  13:30  Overlord  
  165  13:33  Drone  
  166  13:35  Queen x2  
  166  13:36  Overlord  
  104  14:17  Roach  
  104  14:18  Roach x9, Hydralisk x13  
  104  14:21  Infestor, Roach  
  152  14:32  Drone  
  153  14:46  Roach  
  153  14:47  Roach, Hydralisk x2  
  153  14:48  Roach x2, Hydralisk x3  
  171  14:54  Roach  
  171  14:58  Zerg Missile Weapons Level 2  
  173  15:03  Hatchery  
  134  15:15  Roach  
  134  15:16  Roach x12  
  124  15:30  Zerg Melee Weapons Level 1  
  124  15:32  Hive  
  122  15:47  Ravager  
  122  15:49  Lurker x2  
  125  15:58  Lurker  
  125  16:02  Ravager  
  125  16:05  Ravager x2  
  109  16:13  Roach  
  109  16:14  Hydralisk, Zergling x4, Roach x10  
  109  16:15  Zergling x6  
  109  16:16  Zergling x34  
  143  16:28  Hydralisk x5  
  147  16:44  Roach x2, Zergling x2, Hydralisk x3  
  157  16:51  Hydralisk x2  
  157  16:52  Hydralisk  
  159  16:57  Spine Crawler  
  159  16:59  Adrenal Glands  
  154  17:07  Extractor x2  
  144  17:08  Drone x2  
  144  17:09  Drone  
  144  17:14  Lurker  
  138  17:31  Unknown  
  87  17:54  Roach, Hydralisk  
  87  17:55  Hydralisk x15, Roach x2  
  87  17:56  Hydralisk x2  
  124  18:12  Queen  
  126  18:37  Hydralisk  
  126  18:38  Hydralisk x3  
  126  18:39  Swarm Host, Infestor x2  
  126  18:40  Swarm Host x14  
  183  18:43  Infestor  
  185  19:01  Roach x3  
  191  19:03  Overlord  
  191  19:04  Roach  
  191  19:05  Viper x2  
  177  19:56  Roach, Hydralisk x3  
  177  19:57  Roach x2  
  189  20:17  Roach, Hydralisk x4  
  196  20:41  Roach  
  196  20:42  Roach x2  
  183  20:52  Roach  
  183  20:53  Roach x7  
  197  21:18  Lurker  
  197  21:20  Lurker  
  197  21:22  Lurker  
Show
View Real Time Build Order
Export as new Build Order

Magneto Terran 

Build Orders: Cyclone Opening 

Get SALT Encoding   

  12  0:01  SCV  
  13  0:13  SCV  
  14  0:23  Supply Depot  
  14  0:28  Refinery  
  14  0:30  SCV  
  15  0:43  Refinery  
  15  0:52  Barracks  
  15  0:55  SCV  
  16  1:04  Supply Depot  
  16  1:08  SCV  
  17  1:20  SCV  
  18  1:32  SCV  
  19  1:40  Factory  
  19  1:41  Barracks Reactor  
  19  1:44  SCV  
  20  1:57  Orbital Command  
  20  2:09  Supply Depot  
  20  2:31  Engineering Bay  
  20  2:32  Cyclone  
  23  2:40  Cyclone  
  26  2:45  SCV  
  27  2:57  SCV  
  28  3:05  Cyclone  
  31  3:09  SCV  
  32  3:13  Missile Turret  
  32  3:15  Supply Depot  
  32  3:21  SCV  
  33  3:27  Cyclone  
  36  3:38  Cyclone  
  39  3:43  SCV  
  40  3:51  Supply Depot  
  40  3:55  SCV  
  41  4:07  SCV, Cyclone  
  45  4:19  Cyclone  
  45  4:31  SCV  
  45  4:34  Barracks Reactor  
  46  4:42  Cyclone  
  49  4:51  Cyclone  
  40  5:12  Marine x2  
  40  5:13  SCV  
  37  5:14  Cyclone  
  40  5:42  Command Center  
  40  5:43  SCV  
  41  5:56  SCV  
  42  6:02  Starport  
  42  6:08  SCV  
  43  6:20  SCV  
  44  6:26  Factory Tech Lab  
  44  6:32  SCV  
  45  6:35  Marine x2  
  47  6:52  Cyclone  
  47  6:53  Starport Reactor, Marine  
  51  6:55  SCV  
  51  6:57  Orbital Command  
  52  7:14  Liberator, Marine  
  52  7:15  Liberator, Marine  
  57  7:32  Marine  
  57  7:34  SCV  
  65  7:37  Refinery  
  65  7:40  Refinery, Marine  
  66  7:46  SCV  
  66  7:48  Barracks  
  66  7:49  Siege Tank  
  66  7:50  Marine  
  68  7:58  SCV  
  69  8:02  SCV  
  70  8:16  Viking x2  
  74  8:22  Command Center  
  74  8:25  Starport  
  74  8:32  SCV  
  75  8:36  Barracks Tech Lab  
  75  8:38  Terran Infantry Armor Level 1, SCV  
  76  8:44  SCV  
  71  8:59  Missile Turret  
  71  9:01  SCV  
  71  9:02  Missile Turret  
  72  9:07  Marine x3  
  75  9:14  SCV  
  75  9:15  Refinery  
  76  9:25  Missile Turret  
  76  9:26  SCV  
  77  9:36  Marine x3  
  77  9:38  SCV  
  81  9:43  Factory  
  76  9:46  Siege Tank  
  70  9:54  Marine x3  
  70  9:59  Viking  
  75  10:05  Supply Depot  
  75  10:11  Marine  
  75  10:12  Orbital Command  
  76  10:15  SCV x2  
  76  10:18  Siege Tank  
  81  10:26  Missile Turret  
  81  10:32  Hi-Sec Auto Tracking  
  81  10:33  Factory Tech Lab  
  81  10:36  Supply Depot  
  81  10:41  SCV  
  82  10:48  Sensor Tower  
  82  10:50  Siege Tank  
  82  10:53  SCV  
  82  10:54  Missile Turret  
  82  10:56  Supply Depot  
  86  11:01  Viking  
  88  11:07  SCV  
  88  11:11  Refinery, Siege Tank  
  89  11:16  Armory, SCV  
  93  11:22  Siege Tank, Viking x2  
  100  11:26  Factory  
  100  11:29  SCV x2  
  100  11:31  SCV  
  103  11:43  SCV  
  104  11:54  Siege Tank  
  104  11:56  Armory  
  104  11:58  Viking x2  
  104  12:00  Armory  
  111  12:07  Siege Tank  
  114  12:08  Viking x2  
  114  12:13  Terran Vehicle And Ship Armor Level 1  
  118  12:16  SCV x2  
  118  12:22  Factory Tech Lab  
  120  12:24  Supply Depot  
  120  12:33  Siege Tank  
  120  12:34  Viking  
  125  12:51  Siege Tank  
  128  12:54  Terran Vehicle Weapons Level 1  
  128  12:55  Terran Ship Weapons Level 1  
  128  13:02  Siege Tank  
  131  13:11  Siege Tank  
  131  13:12  Supply Depot  
  134  13:15  Viking  
  134  13:16  Viking  
  138  13:23  Siege Tank  
  141  13:34  Viking x2  
  145  13:35  Supply Depot  
  145  13:36  Supply Depot  
  145  13:39  Supply Depot  
  145  13:42  Supply Depot  
  145  13:43  Supply Depot  
  145  14:11  Marine x2  
  145  14:14  Siege Tank x2  
  152  14:20  Siege Tank  
  155  14:46  Siege Tank x2  
  161  14:55  Siege Tank  
  145  15:18  Siege Tank x2  
  142  15:27  Siege Tank  
  120  15:50  Siege Tank x2  
  115  15:59  Siege Tank  
  99  16:22  Siege Tank x2  
  105  16:31  Siege Tank  
  108  16:54  Siege Tank x2  
  108  16:55  Terran Vehicle And Ship Armor Level 2  
  114  17:03  Siege Tank  
  117  17:26  Siege Tank x2  
  120  17:33  Factory  
  120  17:35  Siege Tank  
  120  17:58  Siege Tank x2  
  120  17:59  Terran Vehicle Weapons Level 2  
  126  18:07  Siege Tank  
  129  18:14  Supply Depot  
  129  18:30  Siege Tank x2  
  135  18:39  Siege Tank  
  129  19:02  Siege Tank  
  129  19:03  Siege Tank  
  135  19:10  Factory Tech Lab  
  135  19:11  Siege Tank  
  138  19:35  Siege Tank x2  
  138  19:37  Siege Tank  
  144  19:49  Siege Tank  
  128  20:07  Siege Tank  
  131  20:15  Siege Tank  
  134  20:25  Siege Tank  
  134  20:33  Marine x3  
  97  20:43  Siege Tank  
  92  21:08  Marine x3  
  98  21:26  Marine x3  
  98  21:27  Command Center  
Show
View Real Time Build Order
Export as new Build Order

Metasapien Zerg 

Build Orders: Pool First 

Get SALT Encoding   

  12  0:01  Drone  
  13  0:25  Spawning Pool  
  13  0:26  Drone  
  13  0:32  Drone  
  14  0:45  Overlord  
  14  0:48  Extractor  
  14  0:49  Drone  
  14  1:06  Drone x2  
  16  1:21  Hatchery  
  15  1:31  Drone  
  15  1:32  Drone  
  17  1:39  Drone  
  18  1:43  Drone  
  19  1:57  Drone  
  20  2:09  Drone  
  21  2:21  Queen, Hatchery  
  22  2:34  Queen  
  24  2:38  Overlord  
  24  2:51  Drone x3  
  26  2:52  Drone  
  26  2:56  Overlord  
  28  3:03  Drone  
  29  3:06  Extractor  
  28  3:17  Zergling x4  
  28  3:18  Drone x2  
  32  3:22  Metabolic Boost  
  32  3:26  Spine Crawler  
  31  3:39  Zergling x4  
  31  3:40  Zergling x6  
  35  3:47  Zergling x4  
  33  3:56  Spine Crawler  
  32  4:04  Queen  
  33  4:11  Drone x3  
  36  4:19  Drone x3  
  39  4:30  Drone  
  39  4:31  Drone x2  
  42  4:33  Queen  
  44  4:43  Drone  
  45  4:50  Spine Crawler  
  44  4:57  Zergling x2  
  44  4:58  Roach Warren, Zergling x8  
  44  4:59  Zergling x2  
  49  5:27  Overlord x2  
  49  5:33  Extractor  
  48  5:36  Spine Crawler  
  48  5:38  Drone x2  
  48  5:39  Overlord  
  48  5:40  Overlord x2  
  49  5:43  Lair  
  49  5:55  Drone x3  
  49  5:56  Drone x2  
  55  5:57  Drone x3  
  55  5:59  Zergling x6  
  55  6:01  Overlord  
  60  6:09  Roach  
  62  6:15  Drone  
  62  6:16  Drone x2  
  62  6:17  Drone  
  62  6:18  Drone x3  
  69  6:19  Drone  
  69  6:23  Spine Crawler  
  69  6:24  Drone  
  60  6:54  Drone x7  
  63  6:55  Drone x2  
  69  7:05  Hydralisk Den  
  69  7:07  Drone x2, Queen  
  72  7:11  Spine Crawler x2  
  67  7:28  Roach x5  
  67  7:29  Roach x3  
  72  7:48  Overlord x4  
  72  7:54  Drone x2  
  72  7:56  Extractor  
  73  7:59  Queen, Extractor  
  73  8:03  Glial Reconstitution  
  74  8:10  Evolution Chamber  
  73  8:14  Evolution Chamber  
  72  8:22  Drone x2  
  72  8:24  Overlord x2  
  72  8:25  Hydralisk x3  
  80  8:47  Hydralisk x4  
  88  8:57  Drone x3  
  88  9:01  Hydralisk x3  
  97  9:13  Pneumatized Carapace  
  97  9:15  Hydralisk x4  
  105  9:20  Muscular Augments  
  105  9:21  Infestation Pit  
  104  9:27  Hatchery, Zerg Missile Weapons Level 1  
  104  9:28  Zerg Ground Armor Level 1  
  103  9:32  Roach x3, Hydralisk x3  
  103  9:33  Roach x2  
  119  9:39  Drone x3  
  119  9:40  Drone  
  119  9:41  Zergling x10  
  119  9:42  Zergling x4  
  118  9:56  Hydralisk  
  118  9:57  Hydralisk x4  
  118  9:58  Hydralisk  
  118  10:05  Unknown  
  112  10:14  Hydralisk  
  112  10:15  Roach x2  
  112  10:16  Zergling x10  
  104  10:37  Hydralisk x2  
  104  10:38  Roach x3  
  104  10:41  Drone  
  104  10:42  Queen  
  117  10:46  Zergling x4  
  119  10:59  Drone  
  120  11:09  Drone x3  
  120  11:10  Drone x3  
  120  11:11  Extractor  
  125  11:16  Extractor  
  125  11:17  Extractor  
  123  11:19  Drone  
  124  11:28  Hive  
  124  11:29  Infestor  
  124  11:32  Overlord x4  
  126  11:35  Drone x2  
  126  11:36  Drone  
  126  11:37  Zergling x8, Hydralisk x2  
  126  11:38  Roach x2  
  141  11:45  Overseer  
  141  11:54  Zerg Missile Weapons Level 2  
  141  12:04  Drone x2  
  141  12:05  Drone  
  141  12:06  Drone  
  141  12:08  Roach, Hydralisk x3  
  145  12:09  Roach x2  
  145  12:10  Roach x2  
  145  12:11  Roach  
  163  12:25  Nydus Network  
  162  12:33  Drone x4  
  162  12:35  Roach x2, Hydralisk x2  
  162  12:36  Zergling x8, Roach  
  180  12:37  Roach x2  
  184  12:47  Adrenal Glands  
  184  13:07  Overlord x3  
  184  13:08  Overlord  
  184  13:12  Spine Crawler x2  
  183  13:15  Spore Crawler  
  183  13:16  Drone  
  183  13:17  Overlord x3  
  182  13:20  Overlord  
  182  13:22  Overlord  
  182  13:52  Hydralisk x6  
  182  13:53  Hydralisk x3  
  197  13:58  Ravager x3  
  154  14:06  Hydralisk x3  
  154  14:07  Roach x3, Hydralisk x4  
  154  14:08  Roach x4, Hydralisk  
  152  14:15  Overseer  
  138  14:20  Roach, Hydralisk x2  
  138  14:21  Roach x2  
  148  14:29  Hydralisk x4  
  148  14:30  Hydralisk  
  156  14:34  Zerg Ground Armor Level 2  
  156  14:48  Roach, Hydralisk x3  
  156  14:49  Roach x3  
  156  14:50  Roach  
  172  15:05  Hatchery  
  172  15:07  Overlord x3  
  159  15:11  Ravager  
  108  15:28  Roach x2, Hydralisk x5  
  102  15:29  Roach x5, Hydralisk x3  
  102  15:30  Roach x3  
  102  15:31  Zergling x6, Roach  
  119  15:52  Swarm Host, Infestor x2  
  119  15:54  Zergling x4  
  119  15:55  Zergling x2  
  104  16:20  Overseer x2  
  104  16:25  Roach x2, Hydralisk x5  
  100  16:26  Hydralisk, Roach x5  
  100  16:51  Roach, Hydralisk x3  
  100  16:52  Roach x4  
  100  16:53  Roach  
  88  17:03  Drone x3  
  88  17:04  Drone  
  88  17:05  Drone x3  
  79  17:11  Hydralisk x2  
  79  17:12  Roach  
  71  17:21  Hydralisk x2  
  71  17:22  Roach x2  
  73  17:34  Roach, Hydralisk  
  73  17:35  Roach  
  77  17:45  Zergling x2  
  77  17:46  Zergling x6  
  77  18:00  Overseer  
  77  18:09  Drone  
  77  18:11  Drone x5  
  83  18:37  Roach, Viper, Hydralisk x3  
  83  18:38  Roach x3  
  83  18:39  Hatchery  
  99  18:56  Hatchery  
  62  20:22  Drone x2  
  62  20:23  Spine Crawler  
  63  20:30  Spine Crawler  
  63  20:35  Spine Crawler  
  61  20:37  Zergling x2  
  61  20:38  Zergling x16  
  61  20:39  Zergling x2  
  60  21:10  Zergling x16  
  60  21:11  Zergling x2  
  69  21:22  Zergling x12  
  69  21:23  Zergling x2  
Tags
 
Add a new tag
Caveats
  • Supply blocks, unpowered buildings, or Contaminate may cause inaccurate times.
  • Supply counts are checked every 10 seconds.